 Dungeon Crawl Stone Soup version 0.28-a0-845-gfc338a8e3c (webtiles) character file.

Game seed: 12122113595066128190

28 cheechan the Bolt Thrower (level 3, -3/24 HPs)
             Began as an Octopode Hunter on Nov 12, 2021.
             Slain by a hobgoblin (4 damage)
             ... on level 2 of the Dungeon.
             The game lasted 00:04:20 (1091 turns).

cheechan the Bolt Thrower (Octopode Hunter)         Turns: 1091, Time: 00:04:21

Health: -3/24      AC:  1    Str: 11    XL:     3   Next: 14%
Magic:  12/12      EV: 10    Int: 13    God:
Gold:   24         SH:  0    Dex: 13    Spells: 2/2 levels left

rFire   . . .      SeeInvis .   a - +1 hand crossbow
rCold   . . .      Faith    .   (no shield)
rNeg    . . .      Spirit   .   (helmet restricted)
rPois   .          Reflect  .   (no amulet)
rElec   .          Harm     .   f - ring of magical power
rCorr   .          Rampage  .   (no ring)
Will    .....                   (no ring)
Stlth   +++.......              (no ring)
HPRegen 0.08/turn               (no ring)
MPRegen 0.13/turn               (no ring)
                                (no ring)
                                (no ring)

@: constricted
A: almost no armour, amphibious, 8 rings, camouflage 1, gelatinous body 1,
(nimble swimmer 1), tentacles
a: no special abilities


You were on level 2 of the Dungeon.
You visited 1 branch of the dungeon, and saw 2 of its levels.

You collected 24 gold pieces.

Inventory:

Hand Weapons
 a - a +1 hand crossbow (weapon)
 h - a +1 dagger of electrocution
 j - a +1 vampiric dagger
Missiles
 c - 30 bolts (quivered ammo)
 e - 44 arrows
 i - a throwing net (quivered)
Jewellery
 f - a ring of magical power (left tentacle)
Potions
 b - a potion of haste {unknown}
 g - a potion of invisibility {unknown}


   Skills:
 + Level 2.1 Fighting
 + Level 4.7 Crossbows
 + Level 2.0 Dodging
 + Level 2.0 Stealth


You had 2 spell levels left.
You didn't know any spells.
Your spell library was empty.

Dungeon Overview and Level Annotations

Branches:
Dungeon (2/15)

Altars:

Shops:
D:2 !


Innate Abilities, Weirdness & Mutations

You cannot wear most types of armour.
You are amphibious.
You can wear up to eight rings at the same time.
Your skin changes colour to match your surroundings (Stealth+).
Your rubbery body absorbs attacks. (AC +1, EV +1)
((You are camouflaged near water. (Stealth+)))
You have tentacles for arms and can constrict up to eight enemies at once.


Message History

The ball python constricts you.
The worm struggles against the net.
The hobgoblin hits you.
* * * LOW HITPOINT WARNING * * *
You feel better. The ball python barely misses you.
The ball python constricts you. The hobgoblin hits you.
The worm struggles against the net.
Fire: 31 bolts
Press: ? - help, Shift-Dir - straight line, f/p - hobgoblin
Aim: a hobgoblin (almost dead, 65% to hit)
You shoot a bolt.
The bolt hits the hobgoblin but does no damage.
The hobgoblin is almost dead.
The ball python bites you.
* * * LOW HITPOINT WARNING * * *
The ball python constricts you.
* * * LOW HITPOINT WARNING * * *
The hobgoblin closely misses you. The ball python barely misses you.
The ball python constricts you.
* * * LOW HITPOINT WARNING * * *
You feel better.
The worm struggles against the net.
The ball python bites you. The ball python constricts you.
The hobgoblin hits you.
* * * LOW HITPOINT WARNING * * *
The ball python's grasp on you weakens, but your attempt to escape fails.
The ball python bites you.
* * * LOW HITPOINT WARNING * * *
The ball python constricts you.
* * * LOW HITPOINT WARNING * * *
The hobgoblin barely misses you.
The worm struggles against the net.
You escape the ball python's grasp.
The hobgoblin closely misses you. The ball python misses you.
The ball python grabs you.
You stop ascending the stairs.
The ball python constricts you.
* * * LOW HITPOINT WARNING * * *
Unknown command.
The ball python's grasp on you weakens, but your attempt to escape fails.
The ball python bites you.
* * * LOW HITPOINT WARNING * * *
The ball python constricts you.
* * * LOW HITPOINT WARNING * * *
The hobgoblin hits you.
You die...

.# .# .# .# .#
.# .#######.#
(.∩...g@S#
....w.........#
...((.......<..
###############


You could see a worm (caught), a hobgoblin and a ball python.

Vanquished Creatures
  2 endoplasms (D:1)
  2 giant cockroaches (D:1)
  2 hobgoblins (D:1)
  7 jackals (D:1)
  A quokka (D:1)
  A ball python (D:1)
  A bat (D:1)
  2 frilled lizards (D:1)
  6 kobolds (D:1)
  A rat (D:1)
25 creatures vanquished.

Notes
Turn   | Place    | Note
-------+----------+-------------------------------------------
     0 | D:1      | cheechan the Octopode Hunter began the quest for the Orb.
     0 | D:1      | Reached XP level 1. HP: 14/14 MP: 1/1
     0 | D:1      | Noticed an ogre
     3 | D:1      | Noticed a human
    10 | D:1      | Noticed a troll
    11 | D:1      | Noticed a troll
    12 | D:1      | Noticed a merfolk
    13 | D:1      | Noticed an octopode
    15 | D:1      | Noticed a minotaur
    15 | D:1      | Noticed a tengu
    17 | D:1      | Noticed a felid
    18 | D:1      | Noticed an elf
    20 | D:1      | Noticed a vampire
    20 | D:1      | Noticed a demonspawn
    22 | D:1      | Noticed an elf
    22 | D:1      | Noticed a vine stalker
    22 | D:1      | Noticed a draconian
    24 | D:1      | Noticed an ogre
   147 | D:1      | Reached XP level 2. HP: 19/19 MP: 2/2
   932 | D:1      | Reached XP level 3. HP: 18/24 MP: 3/3
  1079 | D:2      | Found Veashrach's Distillery.
  1091 | D:2      | HP: 1/24 [constriction (1)]
  1091 | D:2      | Slain by a hobgoblin

Illustrated notes

Levels and vault maps discovered:
D:1:      shiori_arrival_whats_in_store_for_you, layout_basic
D:2:      layout_loops_ring, hellmonk_ecumenical_altar_slurped_away,
          serial_shops, shop, uniq_crazy_yiuf_cottage, uniq_natasha

Skill      XL: |  1  2  3 |
---------------+----------+-----
Stealth        | 2 |  2.0
Fighting       | |  2.1
Crossbows      | |  4.7
Dodging        | |  2.0

Action                   || total
-------------------------++-------
Melee: Hand crossbow     ||     5
       Constrict         ||     3
       Tentacles         ||     1
 Fire: Hand crossbow     ||    50
Throw: Throwing net      ||     1
  Use: Scroll            ||     4
       Potion            ||     2
Armor: Skin              ||     3
Dodge: Dodged            ||    28

Table legend: (Time is in decaauts)
 A = Elapsed time spent in this place.
 B = Non-inter-level travel time spent in this place.
 C = Inter-level travel time spent in this place.
 D = Time resting spent in this place.
 E = Time spent auto-exploring this place.
 F = Levels seen in this place.
 G = Mean time per level.
                   A        B        C        D        E       F      G
               +--------+--------+--------+--------+--------+-----+--------+
         Total |   1106 |   1106 |      0 |    230 |      0 |   2 |  553.0 |
       Dungeon |   1106 |   1106 |      0 |    230 |      0 |   2 |  553.0 |
               +--------+--------+--------+--------+--------+-----+--------+

Top non-repeatable levels by time:
     D:1: 1093 daAuts
     D:2: 13 daAuts
